 Dungeon Crawl Stone Soup version 0.28-a0-1613-gdaab1c2f9b (webtiles) character file.

Game seed: 1729125190606960585

6773 a3don the Transmogrifier (level 10, -12/46 HPs)
             Began as a Spriggan Venom Mage on Jan 22, 2022.
             Was a Believer of Dithmenos.
             Hit by a javelin thrown by Urug (27 damage)
             ... on level 11 of the Dungeon.
             The game lasted 00:51:26 (13228 turns).

a3don the Transmogrifier (Spriggan Venom Mage)     Turns: 13228, Time: 00:51:27

Health: -12/46     AC:  8    Str: 10    XL:     10   Next: 76%
Magic:  13/22      EV: 19    Int: 21    God:    Dithmenos [**....]
Gold:   377        SH:  5    Dex: 16    Spells: 5/24 levels left

rFire   + . .      SeeInvis +   a - +6 dagger "Killer Klown's Doom" {vorpal, rC++ rCorr}
rCold   + + +      Faith    .   (no shield)
rNeg    . . .      Spirit   .   R - +2 robe
rPois   .          Reflect  +   (helmet restricted)
rElec   .          Harm     .   P - scarf {rC+ rF+}
rCorr   +          Rampage  .   (gloves unavailable)
Will    +....                   (boots unavailable)
Stlth   +++.......              j - amulet of reflection
HPRegen 0.15/turn               G - +4 ring of protection
MPRegen 0.18/turn               v - +6 ring of strength

@: wreathed by umbra, very quick
A: very small, no large weapons, unfitting armour, see invisible, speed 3
a: Renounce Religion, Shadow Step


You were on level 11 of the Dungeon.
You worshipped Dithmenos.
Dithmenos was pleased with you.
You visited 2 branches of the dungeon, and saw 12 of its levels.

You collected 554 gold pieces.
You spent 177 gold pieces at shops.

Inventory:

Hand Weapons
 a - the +6 dagger "Killer Klown's Doom" (weapon) {vorpal, rC++ rCorr}
   (You found it on level 2 of the Dungeon)

   It inflicts extra damage upon your enemies.
   rC:        It greatly protects you from cold.
   rCorr:     It protects you from acid and corrosion.
 b - a +2 hunting sling of freezing
 e - a +3 short sword
 f - a +1 vampiric war axe
 l - a +1 dagger of speed
 m - the +5 hand axe of Vanity {protect, Dex+5}
   (You found it on level 2 of the Dungeon)

   It grants its wielder temporary protection when it strikes (+7 to AC).
   Dex:       It affects your dexterity (+5).
 n - a +0 rapier
 C - a +5 flail
 D - a +0 shortbow
 V - a +1 scimitar of holy wrath
Missiles
 g - 351 stones
 p - 6 boomerangs (quivered)
 E - 12 sling bullets
 I - 5 atropa-tipped darts
 S - 116 arrows
Armour
 P - a scarf of resistance (worn)
 R - a +2 robe (worn)
Jewellery
 c - a ring of fire
 d - a ring of magical power
 j - an amulet of reflection (around neck)
 v - a +6 ring of strength (right hand)
 x - a ring of willpower
 y - a ring of flight
 G - a +4 ring of protection (left hand)
 K - an amulet of magic regeneration
 M - a ring of positive energy
 U - a ring of protection from cold
Wands
 k - a wand of acid (8)
 u - a wand of iceblast (8)
 T - a wand of mindburst (7)
Scrolls
 o - 2 scrolls of immolation {unknown}
 q - 4 scrolls of blinking
 r - a scroll of enchant weapon
 t - 2 scrolls of enchant armour
 B - a scroll of magic mapping
 F - a scroll of teleportation
 H - a scroll of amnesia {unknown}
 J - a scroll of vulnerability
 Q - a scroll of brand weapon {unknown}
Potions
 h - 4 potions of curing
 i - 2 potions of lignification
 s - a potion of flight
 w - 2 potions of haste
 z - a potion of cancellation {unknown}
 A - a potion of attraction
 L - a potion of magic
 N - a potion of mutation
 O - a potion of might


   Skills:
 + Level 2.0 Fighting
 - Level 6.2 Short Blades
 - Level 3.0 Slings
 + Level 4.6 Dodging
 - Level 4.0 Stealth
 - Level 7.5 Spellcasting
 - Level 4.1 Conjurations
 * Level 3.1 Summonings
 + Level 8.6 Transmutations
 * Level 3.1 Ice Magic
 - Level 5.1 Air Magic
 - Level 6.7 Poison Magic


You had 5 spell levels left.
You knew the following spells:

 Your Spells              Type           Power      Damage    Failure   Level
a - Sting                 Tmut/Pois      100%       1d8       1%          1
b - Poisonous Vapours     Pois/Air       64%        N/A       1%          2
c - Mephitic Cloud        Conj/Pois/Air  30%        N/A       2%          3
d - Magic Dart            Conj           100%       1d8       1%          1
e - Passwall              Tmut/Erth      21%        N/A       2%          2
f - Olgreb's Toxic Radia  Pois           36%        N/A       5%          4
g - Summon Ice Beast      Ice/Summ       21%        N/A       22%         4
h - Blink                 Tloc           14%        N/A       13%         2

Your spell library contained the following spells:

 Spells                   Type           Power      Damage    Failure   Level
 Swiftness                Air            29%        N/A       3%          3
 Ensorcelled Hibernation  Hex/Ice        28%        N/A       7%          2
 Ice Form                 Ice/Tmut       32%        N/A       8%          4
 Pain                     Necr           28%        1d5       9%          1
 Airstrike                Air            14%        N/A       10%         4
 Sublimation of Blood     Necr           7%         N/A       13%         2
 Petrify                  Tmut/Erth      26%        N/A       14%         4
 Summon Lightning Spire   Summ/Air       25%        N/A       16%         4
 Irradiate                Conj/Tmut      17%        3d19      17%         5
 Hailstorm                Conj/Ice       23%        3d7       19%         4
 Lightning Bolt           Conj/Air       13%        1d27      34%         5
 Summon Mana Viper        Hex/Summ       14%        N/A       77%         5
 Agony                    Necr           7%         N/A       93%         5
 Excruciating Wounds      Necr           3%         N/A       93%         5
 Manifold Assault         Tloc           7%         N/A       93%         5
 Storm Form               Tmut/Air       18%        N/A       99%         7
 Simulacrum               Ice/Necr       7%         N/A       100%        6
 Monstrous Menagerie      Summ           10%        N/A       100%        7


Dungeon Overview and Level Annotations

Branches:
Dungeon (11/15)            Temple (1/1) D:5             Orc (0/2) D:9
   Lair: D:8-11

Altars:
Ashenzari
Cheibriados
Dithmenos
Elyvilon
Fedhas
Gozag
Hepliaklqana
Kikubaaqudgha
Makhleb
Nemelex Xobeh
Okawaru
Qazlal
Ru
Sif Muna
Trog
Uskayaw
Vehumet
Wu Jian
Xom
Yredelemnul
Zin
The Shining One

Shops:
D:3 *   D:4 *   D:9 [

Portals:
Bailey: D:10

Annotations:
D:6 maggie, Maggie; pigah's ghost, novice OpAE
D:8 2 transporters, DrKleor's ghost, novice GnMo
D:11 Urug


Innate Abilities, Weirdness & Mutations

You are very small and have problems with some larger weapons.
You are too small for most types of armour.
You have supernaturally acute eyesight. (SInv)
You cover ground extremely quickly. (Speed+++)


Message History

The centaur warrior zombie misses you. The centaur warrior zombie kicks you.
Casting: Poisonous Vapours (safe; 1% risk of failure)
Confirm with . or Enter, or press ? or * to list all spells.
Aiming: Magic Dart (safe; 1% risk of failure)
Press: ? - help, Shift-Dir - straight line, f/p - Urug
Aim: Urug, wielding a +1 battleaxe of freezing, wearing a +0 chain mail, quivering javelins and carrying a wand of paralysis (5) (moderately wounded, confused, very poisoned, 100% to hit)
The magic dart hits the centaur warrior zombie.
The centaur warrior zombie is almost destroyed.
You hit the centaur warrior zombie but do no damage.
The centaur warrior zombie is almost destroyed.
The centaur warrior zombie closely misses you.
You block the centaur warrior zombie's attack.
You hit the centaur warrior zombie but do no damage.
The centaur warrior zombie is almost destroyed.
The centaur warrior zombie misses you.
You block the centaur warrior zombie's attack.
You hit the centaur warrior zombie but do no damage.
The centaur warrior zombie is almost destroyed.
The centaur warrior zombie hits you!
The centaur warrior zombie kicks you but does no damage.
You hit the centaur warrior zombie.
The centaur warrior zombie is almost destroyed.
The centaur warrior zombie hits you.
The centaur warrior zombie kicks you but does no damage.
You hit the centaur warrior zombie.
You destroy the centaur warrior zombie!
Dithmenos accepts your kill.
Your Fighting skill increases to level 2!
Your Summonings skill increases to level 3!
Your Ice Magic skill increases to level 3!
Casting: Magic Dart (safe; 1% risk of failure)
Confirm with . or Enter, or press ? or * to list all spells.
Aiming: Poisonous Vapours (safe; 1% risk of failure)
Press: ? - help, Dir - move target, f/p - Urug
Aim: Urug, wielding a +1 battleaxe of freezing, wearing a +0 chain mail, quivering javelins and carrying a wand of paralysis (5) (heavily wounded, confused, very poisoned) Poisonous vapours surround Urug!
Urug looks as sick as possible!
Unknown command.
Urug throws a javelin.
The javelin pierces through you!!
Ouch! That really hurt!
You die...

....#.#.# ..............
#####.#.# #. ..........# ..#
#.#.# #.. .....###)## #.#
#.#.# #.# ### #)# #.###.#.#
#.# #o# #.....#.# #.# #.#
#######.######.############.#
#..#..................o..o.#
#..#.#.######..@############
#..#.#.#<.......#
#..#.#.#####....#
#..#....<.......#
#..###.#####[#..######
#............#.......#
#.####.########.####.# #.#
#..........#..#.# #.#
############..#.#


You could see Urug (very poisoned).

Vanquished Creatures
  A centaur warrior (D:11)
  A two-headed ogre (D:9)
  A deep elf pyromancer (D:10)
  Joseph (D:7)
  2 hornets
  2 trolls
  Sigmund (D:5)
  A wyvern (D:8)
  A wraith (D:9)
  Duvessa (D:4)
  A water moccasin (D:7)
  An orc warrior (D:11)
  2 black bears
  An ice beast (D:7)
  3 sky beasts
  A necrophage (D:8)
  5 centaurs
  A phantom (D:5)
  Blork the orc (D:5)
  A gnoll sergeant (D:7)
  3 bullfrogs
  3 water moccasin zombies
  A wyvern skeleton (D:7)
  Dowan (D:4)
  A water moccasin skeleton (D:4)
  5 killer bees (D:5)
  10 wights
  2 jellies (D:5)
  A howler monkey (D:9)
  3 centaur zombies
  3 iguanas
  5 orc wizards
  2 hound skeletons
  4 gnolls
  4 adders
  2 shadow imps
  2 white imps
  An adder skeleton (D:4)
  3 dart slugs
  12 orcs
  2 ball pythons
  7 endoplasms
  5 giant cockroaches
  2 hobgoblins (D:1)
  6 kobolds
  7 quokkas
  4 bats
  5 frilled lizards
  9 goblins
  3 rats
147 creatures vanquished.

Vanquished Creatures (others)
  A fungus (D:2)
  7 plants
8 creatures vanquished.

Grand Total: 155 creatures vanquished

Notes
Turn   | Place    | Note
-------+----------+-------------------------------------------
     0 | D:1      | a3don the Spriggan Venom Mage began the quest for the Orb.
     0 | D:1      | Reached XP level 1. HP: 9/9 MP: 5/5
   553 | D:1      | Reached XP level 2. HP: 6/13 MP: 3/6
   584 | D:1      | Learned a level 2 spell: Poisonous Vapours
  1277 | D:1      | Reached skill level 2 in Transmutations
  1419 | D:2      | Found a white marble altar of Elyvilon.
  1771 | D:2      | Identified the +5 hand axe of Vanity {protect, Dex+5}
  1798 | D:2      | Reached XP level 3. HP: 16/16 MP: 8/8
  1970 | D:2      | Identified the +6 dagger "Killer Klown's Doom" {vorpal,
                  | rC++ rCorr}
  1981 | D:2      | Found a faded altar of an unknown god.
  1985 | D:2      | Got Plato's Volume of Conjuration
  1991 | D:2      | Learned a level 3 spell: Mephitic Cloud
  2385 | D:2      | You fall into a shaft and drop 1 floor!
  2498 | D:3      | Found Roeblumof's Armour Emporium.
  2682 | D:3      | Found Huvauc's Assorted Antiques.
  2967 | D:4      | Reached skill level 1 in Air Magic
  3005 | D:4      | Found a glowing golden altar of the Shining One.
  3027 | D:4      | Reached XP level 4. HP: 21/21 MP: 5/10
  3105 | D:4      | Learned a level 1 spell: Magic Dart
  3108 | D:4      | Learned a level 2 spell: Passwall
  3378 | D:4      | Found Zin's Purification Station.
  3378 | D:4      | Found a glowing silver altar of Zin.
  3466 | D:4      | Noticed Duvessa
  3475 | D:4      | Noticed Dowan
  3877 | D:4      | Reached skill level 1 in Short Blades
  3933 | D:4      | Reached XP level 5. HP: 24/24 MP: 8/11
  3971 | D:4      | Found a bloodstained altar of Trog.
  4199 | D:4      | Killed Duvessa
  4200 | D:4      | Reached skill level 1 in Conjurations
  4200 | D:4      | Reached skill level 3 in Transmutations
  4454 | D:4      | Killed Dowan
  4455 | D:4      | Reached XP level 6. HP: 28/28 MP: 8/13
  4626 | D:5      | Entered Level 5 of the Dungeon
  4626 | D:5      | Found a staircase to the Ecumenical Temple.
  4634 | D:5      | Identified the +1 ring mail of Dice, Bag, and Bottle {MP+9}
  4661 | Temple   | Entered the Ecumenical Temple
  5023 | Temple   | Became a worshipper of Dithmenos the Shadowed
  5110 | D:5      | Noticed Sigmund
  5150 | D:5      | Killed Sigmund
  5293 | D:5      | Found a burning altar of Makhleb.
  5299 | D:5      | Found a sparkling altar of Nemelex Xobeh.
  5302 | D:5      | Found a white marble altar of Elyvilon.
  5303 | D:5      | Found a sacrificial altar of Ru.
  5341 | D:5      | Noticed Blork the orc
  5372 | D:5      | Killed Blork the orc
  5373 | D:5      | Reached XP level 7. HP: 32/32 MP: 2/14
  5525 | D:5      | Found an ornate altar of the Wu Jian Council.
  5552 | D:5      | Found a snail-covered altar of Cheibriados.
  5553 | D:5      | Found a blossoming altar of Fedhas.
  5560 | D:5      | Found an ancient bone altar of Kikubaaqudgha.
  5568 | D:5      | Reached skill level 4 in Transmutations
  5637 | D:5      | Learned a level 4 spell: Olgreb's Toxic Radiance
  6122 | D:5      | Reached skill level 5 in Spellcasting
  6330 | D:5      | Reached XP level 8. HP: 34/36 MP: 11/16
  6372 | D:5      | Reached skill level 5 in Transmutations
  6545 | D:5      | Reached skill level 5 in Poison Magic
  6990 | D:6      | Found a runed translucent gate.
  6990 | D:6      | Found a runed translucent gate.
  6990 | D:6      | Found a runed translucent gate.
  7036 | D:6      | Noticed Maggie
  7038 | D:6      | Noticed pigah's ghost (novice OpAE)
  7462 | D:7      | Noticed Joseph
  7475 | D:7      | Killed Joseph
  7475 | D:7      | Reached * piety under Dithmenos
  7476 | D:7      | Reached skill level 6 in Transmutations
  7565 | D:7      | Reached XP level 9. HP: 39/39 MP: 14/19
  7614 | D:6      | Reached skill level 5 in Short Blades
  9536 | D:8      | Found a transporter.
  9591 | D:8      | Reached skill level 1 in Slings
  9681 | D:8      | Reached skill level 7 in Transmutations
 10578 | D:8      | Found a transporter.
 10580 | D:8      | Noticed a moth of wrath
 10594 | D:8      | Found a bloodstained altar of Trog.
 10594 | D:8      | Noticed DrKleor's ghost (novice GnMo)
 10617 | D:8      | Noticed a two-headed ogre
 10805 | D:9      | Found Midgh's Armour Shop.
 11034 | D:9      | Bought a +2 robe for 177 gold pieces
 11318 | D:9      | Noticed a two-headed ogre
 11386 | D:9      | Killed a two-headed ogre
 11387 | D:9      | Reached skill level 5 in Air Magic
 11387 | D:9      | Reached XP level 10. HP: 38/44 MP: 10/22
 11469 | D:9      | Reached ** piety under Dithmenos
 11543 | D:9      | Found a staircase to the Orcish Mines.
 11578 | D:9      | Learned a level 4 spell: Summon Ice Beast
 11961 | D:10     | Entered Level 10 of the Dungeon
 12005 | D:10     | Found a flagged portal.
 12098 | D:10     | Learned a level 2 spell: Blink
 12336 | D:10     | Noticed a deep elf pyromancer
 12347 | D:10     | Killed a deep elf pyromancer
 12348 | D:10     | Reached skill level 1 in Summonings
 12348 | D:10     | Reached skill level 8 in Transmutations
 12348 | D:10     | Reached skill level 1 in Ice Magic
 12421 | D:10     | Reached skill level 1 in Fighting
 12695 | D:11     | Noticed a centaur warrior
 13113 | D:11     | Killed a centaur warrior
 13137 | D:11     | Noticed Urug
 13228 | D:11     | Hit by a javelin thrown by Urug

Illustrated notes

Levels and vault maps discovered:
D:1:      minmay_arrival_cross, layout_loops_ring, minivault_24
D:2:      layout_basic, basic_altar, shapermc_ecumenical_altar_rom_forum,
          minmay_randomly_rotated_circles
D:3:      layout_rooms, serial_shops, nicolae_shop_stone, nicolae_shop_stone
D:4:      layout_loops_cross, general_overflow_altar, zin_purify,
          trog_butcher_becter, uniq_duvessa
D:5:      layout_basic, minitemple, nzn_wu_jian_council_hall,
          grunt_temple_overflow_open, minmay_temple_entry_grid,
          minmay_fractal_squares_diagonal_5, uniq_sigmund, uniq_blork_the_orc
D:6:      layout_layer_cave, gammafunk_ghost_split, lightli_corner_chamber,
          uniq_maggie
D:7:      layout_basic, uniq_joseph
D:8:      layout_loops_cross, gammafunk_ghost_wrathful_warriors
D:9:      layout_rooms, serial_shops, shop
D:10:     layout_loops_cross, enter_bailey_2
D:11:     layout_basic, dpeg_oklobed_lair, minivault_22, uniq_urug
Temple:   minmay_temple_curvy_loop

Skill      XL: |  1  2  3  4  5  6  7  8  9 10 |
---------------+-------------------------------+-----
Spellcasting   | 3 4 5 6 7 |  7.5
Transmutations | 2 3 4 6 7 8 |  8.6
Air Magic      | 1 2 3 4 5 |  5.1
Short Blades   | 1 2 3 4 6 |  6.2
Stealth        | 4 |  4.0
Conjurations   | 1 2 3 4 |  4.1
Poison Magic   | 4 5 6 |  6.7
Slings         | 3 |  3.0
Dodging        | 4 |  4.6
Summonings     | 3 |  3.1
Ice Magic      | 3 |  3.1
Fighting       | 2 |  2.0

Action                   |  1- 3 |  4- 6 |  7- 9 | 10-12 || total
-------------------------+-------+-------+-------+-------++-------
Melee: Dagger            |    29 |    30 |   258 |    92 ||   409
       Hand axe          |     4 |       |       |       ||     4
       Punch             |       |       |     5 |     3 ||     8
 Fire: Hunting sling     |       |       |     5 |     3 ||     8
 Cast: Sting             |    46 |    14 |     8 |     2 ||    70
       Magic Dart        |       |     5 |    60 |     1 ||    66
       Poisonous Vapours |       |    21 |    61 |    19 ||   101
       Mephitic Cloud    |       |     4 |     8 |    12 ||    24
       Olgreb's Toxic Ra |       |       |       |     1 ||     1
Evoke: Wand              |       |       |     1 |       ||     1
  Use: Scroll            |       |       |     7 |     8 ||    15
 Stab: Sleeping          |    13 |     2 |     3 |     1 ||    19
       Confused          |       |     1 |     8 |     4 ||    13
       Distracted        |       |       |     1 |       ||     1
Armor: Robe              |     3 |     1 |    17 |    18 ||    39
Dodge: Dodged            |    26 |    22 |   150 |    66 ||   264
Block: Other             |       |     3 |    35 |    23 ||    61
       Reflection        |       |       |       |     2 ||     2

Table legend: (Time is in decaauts)
 A = Elapsed time spent in this place.
 B = Non-inter-level travel time spent in this place.
 C = Inter-level travel time spent in this place.
 D = Time resting spent in this place.
 E = Time spent auto-exploring this place.
 F = Levels seen in this place.
 G = Mean time per level.
                   A        B        C        D        E       F      G
               +--------+--------+--------+--------+--------+-----+--------+
         Total |  10258 |  10079 |    179 |   3811 |   4188 |  12 |  854.8 |
       Dungeon |  10021 |   9854 |    167 |   3811 |   4057 |  11 |  911.0 |
        Temple |    236 |    225 |     11 |      0 |    130 |   1 |  236.0 |
               +--------+--------+--------+--------+--------+-----+--------+

Top non-repeatable levels by time:
     D:5: 1701 daAuts
     D:7: 1363 daAuts
     D:1: 1110 daAuts
     D:4: 944 daAuts
     D:8: 905 daAuts
     D:9: 871 daAuts
     D:2: 797 daAuts
     D:6: 715 daAuts
     D:3: 683 daAuts
    D:10: 468 daAuts
    D:11: 460 daAuts
  Temple: 236 daAuts
